 Dungeon Crawl Stone Soup version 0.27-a0-1188-g73eefd5def (webtiles) character file.

Game seed: 9194282551667351788

398 toffzen the Ducker (level 7, 53/53 HPs)
             Began as a Djinni Gladiator on May 21, 2021.
             Quit the game in the Ecumenical Temple.
             The game lasted 00:13:48 (7024 turns).

toffzen the Ducker (Djinni Gladiator)               Turns: 7024, Time: 00:13:48

Health: 53/53      AC:  7    Str: 13    XL:     7   Next: 10%
Gold:   137        EV: 14    Int: 11    God:
                   SH:  0    Dex: 15

rFire    + + +     SeeInvis +     - Unarmed
rCold    x . .     Faith    .   (no shield)
rNeg     . . .     Spirit   .   a - +0 leather armour
rPois    ∞         Reflect  .   o - +0 helmet "Funuic" {rF+ Slay+2}
rElec    .         Harm     .   m - +0 cloak
rCorr    .         Rampage  .   k - +1 pair of gloves
Will     .....                  (boots unavailable)
Stlth    +.........             (no amulet)
HPRegen  0.17/turn              p - ring of see invisible
MPRegen  0.00/turn              (no ring)

@: flying
A: sickness immunity, fire resistance 2, cold vulnerability 1, float, innate
caster, hp casting, extra vitality 1
a: no special abilities


You were in the Ecumenical Temple.
You visited 2 branches of the dungeon, and saw 5 of its levels.

You collected 137 gold pieces.

Inventory:

Missiles
 c - 2 throwing nets (quivered)
 e - 91 stones
 h - 13 poisoned darts
Armour
 a - a +0 leather armour (worn)
 b - a +0 helmet
 j - a +0 helmet
 k - a +1 pair of gloves (worn)
 m - a +0 cloak (worn)
 o - the +0 helmet "Funuic" (worn) {rF+ Slay+2}
   (You took it off Robin on level 2 of the Dungeon)

   It affects your accuracy and damage with ranged weapons and melee attacks
   (+2).
   It protects you from fire.
Magical Staves
 g - a staff of poison
Jewellery
 p - a ring of see invisible (left hand)
Wands
 s - a wand of paralysis (10)
Scrolls
 d - a scroll of identify {unknown}
 i - a scroll of magic mapping {unknown}
 l - a scroll of enchant weapon {unknown}
 t - a scroll of holy word {unknown}
Potions
 f - 2 potions of brilliance {unknown}
 n - a potion of lignification {unknown}
 q - a potion of heal wounds {unknown}
 r - a potion of curing


   Skills:
 + Level 4.8 Fighting
 - Level 1.5 Throwing
 + Level 5.9 Dodging
 - Level 3.8 Unarmed Combat


You had one spell level left.
You knew the following spells:

 Your Spells              Type           Power      Damage    Failure   Level
a - Sting                 Tmut/Pois      0%         1d3       41%         1
b - Searing Ray           Conj           0%         3d3       56%         2
c - Slow                  Hex            0%         N/A       56%         2
Your spell library was empty.

Dungeon Overview and Level Annotations

Branches:
Dungeon (4/15)             Temple (1/1) D:4

Altars:
Ashenzari
Cheibriados
Dithmenos
Elyvilon
Fedhas
Gozag
Kikubaaqudgha
Makhleb
Nemelex Xobeh
Okawaru
Qazlal
Ru
Sif Muna
Trog
Uskayaw
Vehumet
Wu Jian
Xom
Yredelemnul
Zin
The Shining One


Innate Abilities, Weirdness & Mutations

You are immune to sickness and miasma.
You are immune to poison.
Your flesh is very heat resistant. (rF++)
You are vulnerable to cold. (rC-)
You float through the air rather than walking.
You learn spells naturally, not from books.
Your magical power is your life essence.
You have superior vitality. (+4 HP)


Message History

Okay, then.
You reach down and open the door.
There is an open door here.
There is an open door here.
There is an open door here.
You reach down and open the door.
An orc priest comes into view. It is wielding a +0 war axe.
There is an open door here.
Casting: Sting (safe; 41% risk of failure)
Confirm with . or Enter, or press ? or * to list all spells.
You can't see any susceptible monsters within range! (Use Z to cast anyway.)
Casting: Sting (safe; 41% risk of failure)
Confirm with . or Enter, or press ? or * to list all spells.
You can't see any susceptible monsters within range! (Use Z to cast anyway.) Unknown command.
There is an open door here.
Found a staircase to the Ecumenical Temple.
There is a staircase to the Ecumenical Temple here.
You fly downwards.
Welcome to the Ecumenical Temple!
There is a staircase back to the Dungeon here.
As you open the door, it creaks loudly!
Found six altars.
Found three altars.
There is an open door here.
Found three altars.
Found three altars.
Found three altars.
Found three altars.
There is an ornate altar of the Wu Jian Council here.
There is a snail-covered altar of Cheibriados here.
There is a glowing golden altar of the Shining One here.
There is an opulent altar of Gozag here.
There is an open door here.
Partly explored, can't reach some places.
Partly explored, can't reach some places.
Partly explored, can't reach some places.
Save game and exit?
Welcome back, toffzen the Djinni Gladiator.
Press ? for a list of commands and other information.
Are you sure you want to abandon this character and quit the game? (Confirm with "yes".)

♣♣♣♣♣.....P...PPPPP...♣♣♣♣
♣♣♣.....P...........P.....P♣♣
♣.........P........♣.........
♣.P...<..PP...♣..............
♣♣.........P.♣♣♣.......♣..P..
♣♣P.....P....P..............
♣♣♣....P................♣..
♣♣♣♣..P..♣..P♣..♣....P...
♣.....@P.......P.......
♣♣...........P.......P.
♣♣♣♣♣♣♣P...P....♣.....
♣♣♣........P.P..
♣♣..........♣. ♣♣♣♣.........
♣♣♣....... ♣♣♣♣♣♣.. ♣♣♣


There were no monsters in sight!

Vanquished Creatures
  A phantom (D:4)
  2 scorpions (D:4)
  Robin (D:2)
  6 adders
  3 gnolls (D:3)
  3 worms
  A dart slug (D:1)
  An orc (D:3)
  6 bats
  8 endoplasms
  3 giant cockroaches (D:4)
  14 goblins
  9 hobgoblins
  7 jackals
  10 kobolds
  5 quokkas
  9 ball pythons
  2 frilled lizards (D:2)
  7 rats
98 creatures vanquished.

Notes
Turn   | Place    | Note
-------+----------+-------------------------------------------
     0 | D:1      | toffzen the Djinni Gladiator began the quest for the Orb.
     0 | D:1      | Reached XP level 1. HP: 18/18 MP: 0/0
   253 | D:1      | Reached XP level 2. HP: 23/23 MP: 0/0
   968 | D:1      | Reached XP level 3. HP: 29/29 MP: 0/0
   968 | D:1      | Learned a level 1 spell: Sting
  2396 | D:2      | Reached XP level 4. HP: 29/34 MP: 0/0
  2500 | D:2      | Reached skill level 4 in Dodging
  3732 | D:3      | Reached XP level 5. HP: 29/40 MP: 0/0
  3732 | D:3      | Learned a level 2 spell: Searing Ray
  3957 | D:3      | Found a glowing drain.
  4486 | D:3      | Identified the +0 helmet "Funuic" {rF+ Slay+2}
  4486 | D:3      | Noticed Robin
  4714 | D:2      | Killed Robin
  5549 | D:3      | Found a faded altar of an unknown god.
  5781 | D:3      | Reached skill level 5 in Dodging
  5781 | D:3      | Reached XP level 6. HP: 17/47 MP: 0/0
  6802 | D:4      | Reached XP level 7. HP: 45/53 MP: 0/0
  6802 | D:4      | Learned a level 2 spell: Slow
  6877 | D:4      | Found a staircase to the Ecumenical Temple.
  6888 | Temple   | Entered the Ecumenical Temple
  7024 | Temple   | Quit the game

Illustrated notes

Levels and vault maps discovered:
D:1:      dpeg_arrival_water_temple_mockup, layout_basic
D:2:      layout_basic, corexii_shack, cheibrodos_gnoll_hut
D:3:      minmay_evil_eye, layout_loops_ring,
          hellmonk_ecumenical_altar_crossroads, cheibrodos_sewer_entry_sluice,
          uniq_robin
D:4:      layout_gridville, minmay_temple_entry_mini_moons,
          chequers_serial_rivers_small_a, amcnicky_mini_corridor_feature
Temple:   kilobyte_greek_temple

Skill      XL: |  1  2  3  4  5  6 |
---------------+-------------------+-----
Dodging        | 4 5 |  5.9
Fighting       | 3 4 |  4.8
Throwing       | |  1.5
Unarmed Combat | |  3.8

Action                   |  1- 3 |  4- 6 |  7- 9 || total
-------------------------+-------+-------+-------++-------
Melee: Unarmed           |    68 |    22 |       ||    90
Throw: Throwing net      |     2 |       |       ||     2
 Cast: Sting             |    30 |   151 |       ||   181
       Searing Ray       |       |     4 |       ||     4
Armor: Leather armour    |    16 |    56 |       ||    72
Dodge: Dodged            |    67 |   137 |       ||   204

Table legend: (Time is in decaauts)
 A = Elapsed time spent in this place.
 B = Non-inter-level travel time spent in this place.
 C = Inter-level travel time spent in this place.
 D = Time resting spent in this place.
 E = Time spent auto-exploring this place.
 F = Levels seen in this place.
 G = Mean time per level.
                   A        B        C        D        E       F      G
               +--------+--------+--------+--------+--------+-----+--------+
         Total |   7019 |   6890 |    129 |   3632 |   1824 |   5 | 1403.8 |
       Dungeon |   6884 |   6755 |    129 |   3632 |   1689 |   4 | 1721.0 |
        Temple |    135 |    135 |      0 |      0 |    135 |   1 |  135.0 |
               +--------+--------+--------+--------+--------+-----+--------+

Top non-repeatable levels by time:
     D:3: 2223 daAuts
     D:2: 2025 daAuts
     D:1: 1897 daAuts
     D:4: 737 daAuts
  Temple: 135 daAuts
